 Dungeon Crawl Stone Soup version 0.20-a0-9-g62d82d9 (console) character file.

40 brucemayne the Chopper (level 3, 0/31 HPs)
             Began as a Hill Orc Monk on Nov 1, 2016.
             Slain by Blork the orc
             ... wielding a +0 halberd
              (10 damage)
             ... on level 4 of the Dungeon.
             The game lasted 00:03:00 (626 turns).

brucemayne the Chopper (Hill Orc Monk)               Turns: 626, Time: 00:03:01

Health: 0/31       AC:  6    Str: 19    XL:     3   Next: 50%
Magic:  3/3        EV: 11    Int: 10    God:
Gold:   43         SH:  0    Dex: 13    Spells: 0 memorised, 2 levels left

rFire  . . .     SeeInvis .     a - +0 hand axe
rCold  . . .     Gourm    .     j - +0 ring mail
rNeg   . . .     Faith    .     (no shield)
rPois  .         Spirit   .     (no helmet)
rElec  .         Reflect  .     (no cloak)
rCorr  .         Harm     .     (no gloves)
MR     .....                    k - +0 pair of boots {Fly}
Stlth  +.........               (no amulet)
                                (no ring)
                                (no ring)

@: mighty
A: no striking features
a: Evoke Flight


You were on level 4 of the Dungeon.
You were not hungry.

You visited 1 branch of the dungeon, and saw 4 of its levels.

You collected 43 gold pieces.

Inventory:

Hand Weapons
 a - a +0 hand axe (weapon)
 p - a +0 spear
Missiles
 r - 16 poisoned needles
Armour
 b - a +0 robe
 g - a +0 leather armour
 j - a +0 ring mail (worn)
 k - a +0 pair of boots of flying (worn)
Scrolls
 e - a scroll of blinking {unknown}
 i - a scroll of noise {unknown}
 l - a scroll of enchant armour {unknown}
 m - a scroll of remove curse {unknown}
 n - a scroll of fear {unknown}
 o - a scroll of teleportation {unknown}
Comestibles
 c - a bread ration
 d - 2 meat rations
 h - 4 fruits
 s - 2 chunks of flesh


   Skills:
 - Level 3.6 Fighting
 + Level 5.9 Axes
 - Level 2.4 Dodging
 - Level 1.5 Stealth


You had 2 spell levels left.
You didn't know any spells.

Dungeon Overview and Level Annotations

Branches:
Dungeon (4/15)
 Temple: D:4-7

Altars:
Dithmenos
Kikubaaqudgha
Okawaru
Ru

Annotations:
D:3 lynn's ghost, amateur FoFi
D:4 Blork the orc


Message History

Unknown command.
Unknown command.
You barely miss Blork the orc.
Blork the orc is moderately wounded.
Blork the orc closely misses you.
You hit Blork the orc.
Blork the orc is moderately wounded.
Blork the orc mumbles some strange words.
Blork the orc seems to speed up.
You slash Blork the orc!
Blork the orc is severely wounded.
Blork the orc closely misses you.
You hit Blork the orc.
Blork the orc is severely wounded.
Blork the orc gestures wildly while chanting.
Blork the orc closely misses you.
You completely miss Blork the orc.
Blork the orc is severely wounded.
Blork the orc hits you with a halberd!
You die...

. #≈...≈ .# #.#.≈≈≈.
.# #.#.....#.######
#.#...#.......#
#.#.#..# #.# #..#.#.#
#.# #...##.# #.#####
#>.###.# #.##... #@.#
#.# #.##.## #[..o# #.#
#.##.#
.......###.#####.##.#
#.####..##...##......#
.. #..........#.####
#.#.#...####.#
#.##...## #.# ..#.####
#.# ..# #.#


You could see Blork the orc.

Vanquished Creatures
  An adder (D:3)
  An ooze (D:3)
  2 leopard geckos
  A bat (D:2)
  A giant cockroach (D:3)
  4 goblins
  4 hobgoblins
  3 jackals (D:3)
  A kobold (D:3)
  2 quokkas
  A frilled lizard (D:3)
21 creatures vanquished.

Notes
Turn   | Place    | Note
-------+----------+-------------------------------------------
     0 | D:1      | brucemayne the Hill Orc Monk began the quest for the Orb.
     0 | D:1      | Reached XP level 1. HP: 19/19 MP: 1/1
    28 | D:1      | You fall through a shaft!
   105 | D:2      | Reached XP level 2. HP: 8/26 MP: 2/2
   382 | D:3      | Reached skill level 5 in Axes
   404 | D:3      | Reached XP level 3. HP: 14/31 MP: 3/3
   466 | D:3      | Found an iron altar of Okawaru.
   529 | D:3      | Found a shadowy altar of Dithmenos.
   530 | D:3      | Noticed lynn's ghost (amateur FoFi)
   532 | D:3      | Found an ancient bone altar of Kikubaaqudgha.
   612 | D:4      | Found a sacrificial altar of Ru.
   614 | D:4      | Noticed Blork the orc
   626 | D:4      | Slain by Blork the orc

Vault maps used:
D:1:      lightli_iron_boxes
D:2:      wad_floor_pattern_untrapped
D:3:      okawaru_ov_weapons_minmay, grunt_temple_overflow_cloverleaf,
          first_bread, uniq_grinder
D:4:      nicolae_ru_awakened_eye, old_standard_altar, uniq_blork_the_orc

Skill      XL: |  1  2 |
---------------+-------+-----
Axes           | 5 |  5.9
Fighting       | |  3.6
Dodging        | |  2.4
Stealth        | |  1.5

Action                   || total
-------------------------++-------
Melee: Hand axe          ||    86
 Abil: Stop Flying       ||     1
  Use: Potion            ||     4
Armor: Robe              ||     3
       Ring mail         ||    27
Dodge: Dodged            ||    59
